 Dungeon Crawl Stone Soup version 0.27-a0-972-gd1521fd518 (webtiles) character file.

Game seed: 10015225054210091435

520 Froggeryz the Insei (level 7, -4/43 HPs)
             Began as an Octopode Transmuter on Apr 13, 2021.
             Was an Initiate of Hepliaklqana.
             Slain by an ogre
             ... wielding a +0 giant club
              (26 damage)
             ... on level 5 of the Dungeon.
             The game lasted 00:06:24 (6182 turns).

Froggeryz the Insei (Octopode Transmuter)           Turns: 6182, Time: 00:06:25

Health: -4/43      AC:  1    Str: 12    XL:     7   Next: 21%
Magic:  19/19      EV: 13    Int: 15    God:    Hepliaklqana [......]
Gold:   273        SH:  0    Dex: 12    Spells: 7/10 levels left

rFire    . . .     SeeInvis .     - Unarmed
rCold    . . .     Faith    .   (no shield)
rNeg     . . .     Spirit   .   (helmet currently unavailable)
rPois    .         Reflect  .   (no amulet)
rElec    .         Harm     .   f - ring of magical power
rCorr    .         Rampage  .   (no ring)
Will     .....                  (no ring)
Stlth    ++........             (no ring)
HPRegen  0.14/turn              (no ring)
MPRegen  0.16/turn              (no ring)
                                (no ring)
                                (no ring)

@: appendages
A: tentacle spike 3, reduced essence, almost no armour, amphibious, 8 rings,
camouflage 1, gelatinous body 1, (nimble swimmer 1), tentacles
a: End Transformation, Renounce Religion, Recall Ancestor, Ancestor Identity


You were on level 5 of the Dungeon.
You worshipped Hepliaklqana.
Hepliaklqana was noncommittal.
One of your tentacles had grown a beastly spike.
You visited 1 branch of the dungeon, and saw 5 of its levels.

You collected 273 gold pieces.

Inventory:

Missiles
 d - 35 poisoned darts (quivered)
Jewellery
 f - a ring of magical power (left tentacle)
Scrolls
 b - a scroll of teleportation
 e - a scroll of fear {unknown}
 g - a scroll of enchant weapon {unknown}
Potions
 a - 2 potions of resistance
 c - a potion of haste {unknown}
 h - a potion of heal wounds {unknown}
 i - a potion of attraction {unknown}
 j - a potion of mutation {unknown}
 k - 2 potions of invisibility {unknown}


   Skills:
 - Level 4.1 Fighting
 - Level 2.0 Dodging
 * Level 6.8 Unarmed Combat
 - Level 2.0 Spellcasting
 - Level 2.0 Transmutations


You had 7 spell levels left.
You knew the following spells:

 Your Spells              Type           Power      Damage    Failure   Level
a - Beastly Appendage     Tmut           14%        N/A       10%         1
b - Blink                 Tloc           N/A        N/A       32%         2

Your spell library contained the following spells:

 Spells                   Type           Power      Damage    Failure   Level
 Wereblood                Tmut           7%         N/A       14%         2
 Corona                   Hex            1%         N/A       22%         1
 Magic Dart               Conj           4%         1d3       22%         1
 Call Imp                 Summ           1%         N/A       32%         2
 Ensorcelled Hibernation  Hex/Ice        2%         N/A       32%         2
 Slow                     Hex            1%         N/A       32%         2
 Spider Form              Tmut/Pois      2%         N/A       41%         3
 Confusing Touch          Hex            1%         N/A       54%         3
 Conjure Flame            Conj/Fire      1%         6-21      54%         3
 Dazzling Flash           Conj/Hex       2%         N/A       54%         3
 Mephitic Cloud           Conj/Pois/Air  1%         N/A       54%         3
 Tukima's Dance           Hex            1%         N/A       54%         3
 Ice Form                 Ice/Tmut       4%         N/A       82%         4
 Hydra Form               Tmut           3%         N/A       95%         5


Dungeon Overview and Level Annotations

Branches:
Dungeon (5/15)
 Temple: D:4-7

Altars:
Elyvilon
Hepliaklqana
Ru
Trog

Shops:
D:1 [

Annotations:
D:3 2 transporters, Bapho's ghost, amateur OpVM


Innate Abilities, Weirdness & Mutations

One of your tentacles has grown a beastly spike.
Your life essence is reduced to manifest your ancestor. (-10% HP)
You cannot wear most types of armour.
You are amphibious.
You can wear up to eight rings at the same time.
Your skin changes colour to match your surroundings (Stealth+).
Your rubbery body absorbs attacks. (AC +1, EV +1)
((You are camouflaged near water. (Stealth+)))
You have tentacles for arms and can constrict up to eight enemies at once.


Message History

The ogre shouts!
The howler monkey zombie hits you.
You tentacle-slap the howler monkey zombie.
You grab the howler monkey zombie.
The howler monkey zombie is lightly damaged.
You constrict the howler monkey zombie.
The howler monkey zombie hits you but does no damage.
You bludgeon the howler monkey zombie!
The howler monkey zombie is heavily damaged.
You constrict the howler monkey zombie. The howler monkey zombie misses you.
Casting: Beastly Appendage (safe; 10% risk of failure)
Confirm with . or Enter, or press ? or * to list all spells.
One of your tentacles grows a vicious spike.
You constrict the howler monkey zombie.
Qinisela hits the howler monkey zombie.
The howler monkey zombie closely misses Qinisela.
You tentacle-slap the howler monkey zombie.
You destroy the howler monkey zombie!
You barely miss the ogre.
Your tentacle spike misses the ogre.
You tentacle-slap the ogre.
The ogre is lightly wounded.
The ogre closely misses you.
You tentacle-slap the ogre but do no damage.
Your tentacle spike misses the ogre.
The ogre is lightly wounded.
Qinisela hits the ogre.
The ogre barely misses you.
You bludgeon the ogre!
The ogre is heavily wounded.
A scorpion comes into view.
Qinisela hits the ogre.
You tentacle-slap the ogre but do no damage.
You squeeze the ogre, but do no damage.
The ogre is heavily wounded.
The ogre hits you with a +0 giant club!!
Ouch! That really hurt!
Qinisela hits the ogre but does no damage.
You tentacle-slap the ogre.
The ogre is severely wounded.
The ogre hits you with a +0 giant club!!
Ouch! That really hurt!
You die...

....§§≈§ ...§§§# ....§§# . ..
..s≈≈# .# #.# #..≈§ #.#§§
#..###..≈##.##§§ ......OR.#.##≈≈§
.......@..##≈≈≈§
..........#≈§≈§≈§≈
...<.......≈≈§≈§≈§ §....
>............≈§≈§≈ ....
.......#..........?##....§§ ...#
.......#................... ....
.......#....####.....##### #...
..................#.##########...
...............#..#.##.#.#.#.#...


You could see the friendly Qinisela the ancestor, an ogre (ally target) and a
scorpion.

Vanquished Creatures
  A hound (D:5)
  2 jellies (D:5)
  A bullfrog skeleton (D:5)
  An iguana (D:5)
  A scorpion zombie (D:5)
  Robin (D:3)
  A howler monkey zombie (D:5)
  8 adders
  An ufetubus (D:5)
  2 worms
  A dart slug (D:1)
  2 orcs
  8 endoplasms
  4 giant cockroaches
  17 goblins
  9 hobgoblins
  9 jackals
  8 quokkas
  8 ball pythons
  8 bats
  2 frilled lizards
  4 kobolds
  9 rats
108 creatures vanquished.

Vanquished Creatures (collateral kills)
  A water moccasin (D:5)
  A jelly (D:5)
  A howler monkey skeleton (D:5)
  A jackal (D:5)
4 creatures vanquished.

Vanquished Creatures (others)
  2 plants (D:4)
2 creatures vanquished.

Grand Total: 114 creatures vanquished

Notes
Turn   | Place    | Note
-------+----------+-------------------------------------------
     0 | D:1      | Froggeryz the Octopode Transmuter began the quest for the
                  | Orb.
     0 | D:1      | Reached XP level 1. HP: 13/13 MP: 3/3
    28 | D:1      | Found a faded altar of an unknown god.
   224 | D:1      | Found Tushoemn's Armour Boutique.
   250 | D:1      | Reached XP level 2. HP: 16/18 MP: 5/5
   863 | D:1      | Reached XP level 3. HP: 24/24 MP: 6/6
  1212 | D:1      | Reached skill level 4 in Unarmed Combat
  1759 | D:2      | Reached XP level 4. HP: 24/29 MP: 4/7
  2616 | D:3      | Noticed an ogre
  2616 | D:3      | Noticed Bapho's ghost (amateur OpVM)
  2620 | D:3      | Found a transporter.
  2647 | D:3      | Found a transporter.
  2838 | D:3      | Reached XP level 5. HP: 27/35 MP: 6/8
  2978 | D:3      | Found a bloodstained altar of Trog.
  2980 | D:3      | Found a white marble altar of Elyvilon.
  3242 | D:3      | Learned a level 2 spell: Blink
  3390 | D:3      | Reached skill level 5 in Unarmed Combat
  3780 | D:4      | Noticed Robin
  4185 | D:3      | Killed Robin
  4749 | D:4      | Found a hazy altar of Hepliaklqana.
  4799 | D:4      | Became a worshipper of Hepliaklqana the Forgotten
  5173 | D:4      | Found a sacrificial altar of Ru.
  5214 | D:5      | Entered Level 5 of the Dungeon
  5250 | D:5      | Reached XP level 6. HP: 27/37 MP: 9/9
  5389 | D:5      | Noticed a water moccasin
  5455 | D:5      | Reached skill level 6 in Unarmed Combat
  5750 | D:5      | Killed a water moccasin
  5751 | D:5      | Reached XP level 7. HP: 15/43 MP: 10/10
  6182 | D:5      | Slain by an ogre

Illustrated notes

Levels and vault maps discovered:
D:1:      heliophobic_arrival_ceremonial_halls, layout_basic,
          hellmonk_ecumenical_altar_arch_garden, serial_shops,
          nicolae_shop_crystal
D:2:      minmay_evil_eye, layout_rooms, serial_glass, glass_columns_c,
          glass_columns_b, kennysheep_doodads, hangedman_abyss_or_decor_stabs,
          st_stairs_11
D:3:      minmay_angry_zag, layout_basic, jmf_multi_god_temple,
          gammafunk_ghost_smash, kennysheep_potato
D:4:      layout_cave_pools, nicolae_hepliaklqana_hazy_memory,
          nicolae_ru_path_of_blood, uniq_robin
D:5:      layout_cave_pools, minmay_misc_feat_hallway, grunt_decor_junction,
          uniq_prince_ribbit1

Skill      XL: |  1  2  3  4  5  6 |
---------------+-------------------+-----
Unarmed Combat | 4 5 6 |  6.8
Fighting       | 2 3 4 |  4.1
Dodging        | |  2.0
Spellcasting   | |  2.0
Transmutations | |  2.0

Action                   |  1- 3 |  4- 6 |  7- 9 || total
-------------------------+-------+-------+-------++-------
Melee: Unarmed           |    90 |   150 |    14 ||   254
       Tentacles         |    15 |    24 |     2 ||    41
       Constrict         |    15 |    37 |     3 ||    55
       Kick              |     5 |    18 |     2 ||    25
       Punch             |     1 |     4 |     3 ||     8
Throw: Dart              |       |     1 |       ||     1
 Cast: Beastly Appendage |     7 |    15 |     2 ||    24
  Use: Scroll            |       |     4 |       ||     4
       Potion            |       |     1 |       ||     1
 Stab: Sleeping          |     5 |     8 |       ||    13
       Distracted        |       |     1 |       ||     1
Armor: Skin              |    11 |    18 |     1 ||    30
Dodge: Dodged            |    50 |    93 |     9 ||   152

Table legend: (Time is in decaauts)
 A = Elapsed time spent in this place.
 B = Non-inter-level travel time spent in this place.
 C = Inter-level travel time spent in this place.
 D = Time resting spent in this place.
 E = Time spent auto-exploring this place.
 F = Levels seen in this place.
 G = Mean time per level.
                   A        B        C        D        E       F      G
               +--------+--------+--------+--------+--------+-----+--------+
         Total |   6163 |   6054 |    109 |   1784 |   3505 |   5 | 1232.6 |
       Dungeon |   6163 |   6054 |    109 |   1784 |   3505 |   5 | 1232.6 |
               +--------+--------+--------+--------+--------+-----+--------+

Top non-repeatable levels by time:
     D:3: 2027 daAuts
     D:1: 1420 daAuts
     D:2: 1125 daAuts
     D:5: 962 daAuts
     D:4: 627 daAuts
